 Dungeon Crawl Stone Soup version 0.17.2-1-ge4368a0 (webtiles) character file.

9 Goblin1989 the Ducker (level 2, 0/16 HPs)
             Began as a Kobold Earth Elementalist on Oct 16, 2016.
             Slain by a giant gecko (3 damage)
             ... on level 1 of the Dungeon.
             The game lasted 00:05:03 (179 turns).

Goblin1989 the Ducker (Kobold Earth Elementalist)    Turns: 179, Time: 00:05:03

Health: 0/16       AC:  2    Str:  6    XL:     2   Next: 20%
Magic:  2/5        EV: 16    Int: 13    God:
Gold:   0          SH:  0    Dex: 16    Spells: 1 memorised, 4 levels left

rFire  . . .     SeeInvis .     b - 15 stones
rCold  . . .     Clarity  .     a - +0 robe
rNeg   . . .     SustAt   .     (shield restricted)
rPois  .         Gourm    .     (no helmet)
rElec  .         Spirit   .     (no cloak)
rCorr  .         Warding  .     (no gloves)
rMut   .         Stasis   .     (no boots)
MR     .....                    (no amulet)
Stlth  ++........               (no ring)
                                (no ring)

@: not resistant to hostile enchantments, unstealthy
A: carnivore 3
a: no special abilities


You were on level 1 of the Dungeon.
You were full.

You visited 1 branch of the dungeon, and saw 1 of its levels.

Inventory:

Missiles
 b - 15 stones (in hand)
Armour
 a - a +0 robe (worn)
Scrolls
 e - a scroll of enchant armour {unknown}
 h - a scroll of immolation {unknown}
 i - a scroll of enchant weapon {unknown}
Potions
 f - a potion of degeneration {unknown}
 g - a potion of might {unknown}
Books
 c - a book of Geomancy

   Spells                             Type                      Level
   a - Sandblast                      Earth                        1
   b - Stoneskin                      Transmutation/Earth          2
   c - Passwall                       Transmutation/Earth          3
   d - Stone Arrow                    Conjuration/Earth            3
   e - Petrify                        Transmutation/Earth          4
   f - Lee's Rapid Deconstruction     Earth                        5
Comestibles
 d - a meat ration {@e2}


   Skills:
 + Level 0.7 Fighting
 * Level 3.2 Dodging
 - Level 2.6 Stealth
 - Level 2.0 Spellcasting
   Level 0.8 Transmutations
 - Level 3.0 Earth Magic


You had 4 spell levels left.
You knew the following spells:

 Your Spells              Type           Power        Failure   Level  Hunger
a - Sandblast             Erth           #.....       10%         1    ##.....


Dungeon Overview and Level Annotations

Branches:
Dungeon (1/15)

Altars:


Innate Abilities, Weirdness & Mutations

You are small and have problems with some larger weapons.
You are carnivorous and can eat meat at any time.


Message History

You take 9 damage, and have 4/16 hp.
MASSIVE DAMAGE!!
You now have 0/5 mp.
Your magical contamination has completely faded away.
The giant cockroach waves its antennae.
Casting: Sandblast
Confirm with . or Enter, or press ? or * to list all spells.
Aiming: Sandblast
Press: ? - help, Shift-Dir - straight line, f/p - hobgoblin
Aim: a hobgoblin (heavily wounded)
The rocky blast hits the kobold.
The kobold is heavily wounded.
You now have 0/5 mp.
A giant gecko comes into view.
The kobold hits you but does no damage.
You see here a stone.
The giant gecko barely misses you. The giant gecko bites you.
* * * LOW HITPOINT WARNING * * *
You take 3 damage, and have 2/16 hp.
The giant gecko bites you.
You die...

.....ਜਜ ਜਜਜ .....ਜ...
ਜਜਜਜ....ਜ.ਜਜਜ
ਜਜਜਜ............
ਜ....ਜਜ....ਜ.ਜਜ
ਜਜਜਜ....ਜਜ....ਜ.ਜ
..ਜ...sਜਜ....ਜ.ਜ
ਜ▲ਜ.ਜਜਜ..ਜਜ....ਜ.ਜ
....ਜਜਜ..ਜਜ..(.ਜ@ਜ
..........(....ਜlਜ
...............ਜsਜਜਜ .ਜ ਜ
.†............gਜ...ਜ .ਜ.▲
..............sਜgਜਜਜਜ.ਜ.ਜ.
.............K.ਜ.ਜ........
..[...........ਜ.K........
..........ਜ......ਜ...ਜਜ.
....ਜਜਜ.ਜ.ਜ..........ਜ


You could see a giant gecko, a giant cockroach, a hobgoblin and a kobold.

Vanquished Creatures
  A hobgoblin (D:1)
  A bat (D:1)
  A giant newt (D:1)
  4 goblins (D:1)
  A kobold (D:1)
  A rat (D:1)
9 creatures vanquished.

Notes
Turn   | Place    | Note
--------------------------------------------------------------
     0 | D:1      | Goblin1989 the Kobold Earth Elementalist began the quest for the Orb.
     0 | D:1      | Reached XP level 1. HP: 10/10 MP: 3/3
     7 | D:1      | Goblin1989: ??bat
     7 | D:1      | beem: bat[1/2]: An extreme pest. Moves three times as fast as the average player, but deals only one damage. Has better HP than a rat, and very high EV. If you are two squares away from a bat, step backwards instead of moving next to it, so that it won't be able to hit you and move away in the same turn.
     7 | D:1      | Goblin1989: ??bat [2
     7 | D:1      | beem: bat vault[1/2]: https://67.media.tumblr.com/978dc7dc84b5dd121c3135768f2689a4/tumblr_obb5nszOe01qlwzfpo1_1280.jpg
     7 | D:1      | Goblin1989: ??bat 2
     7 | D:1      | beem: I don't have a page labeled bat_2 in my learndb.
    90 | D:1      | Reached XP level 2. HP: 16/16 MP: 0/5
   179 | D:1      | Slain by a giant gecko

Action                   || total
-------------------------++-------
 Cast: Sandblast         ||    12
  Eat: Chunk             ||     2

Vault maps used:
D:1:      minmay_arrival_split_and_join
